MLB
TORONTO BLUE JAYS @ BALTIMORE ORIOLES
03/13/2026
 
TOP OF THE 1ST
Toronto Blue Jays batting - Pitching for Baltimore Orioles : RHP Henry Baez
Pitching: RHP Henry Baez
Batting: RHB Manuel Beltre 0-0: Called Strike
0-1: Fly out, F8 (Flyball, 8LD, EV 98.8 MPH)
Batting: SHB Marcos De La Rosa 0-0: Foul Ball, location: 2F
0-1: Ball
1-1: Ball
2-1: Swinging Strike
2-2: Ball
3-2: Ground out 6-3 (Groundball, 6, EV 90.6 MPH)
Batting: LHB Jimmy Palmer 0-0: Ball
1-0: Called Strike
1-1: Foul Ball, location: 2F
1-2: Ball
2-2: Ball
3-2: Base on Balls
Batting: LHB Will Robertson 0-0: Ball
1-0: Called Strike
Jimmy Palmer is caught stealing 2nd base 2-6
Top of the 1st over - 0 runs, 0 hits, 0 errors, 0 left on base; Toronto 0 - Baltimore 0
BOTTOM OF THE 1ST
Baltimore Orioles batting - Pitching for Toronto Blue Jays : LHP Jordan Montgomery
Pitching: LHP Jordan Montgomery
Batting: RHB Joe Cali 0-0: Foul Ball, location: 2F
0-1: Ball
1-1: SOLO HOME RUN (Flyball, 7D, EV 95.0 MPH), Distance : 357 ft
Batting: RHB Will Smith 0-0: Called Strike
0-1: Called Strike
0-2: Ball
1-2: Foul Ball, location: 2F
1-2: Strikes out looking
Batting: LHB Dave Castanada 0-0: Swinging Strike
0-1: Swinging Strike
0-2: SINGLE (Line Drive, 8RS, EV 96.2 MPH)
Batting: RHB Ryan Mountcastle 0-0: Fly out, F6 (Line Drive, 6, EV 68.8 MPH)
Batting: LHB Heston Kjerstad 0-0: Called Strike
0-1: Ball
1-1: Swinging Strike
1-2: Fly out, F8 (Flyball, 8LXD, EV 88.8 MPH)
Bottom of the 1st over - 1 run, 2 hits, 0 errors, 1 left on base; Toronto 0 - Baltimore 1
TOP OF THE 2ND
Toronto Blue Jays batting - Pitching for Baltimore Orioles : RHP Henry Baez
Batting: LHB Will Robertson 0-0: SINGLE (Flyball, 4D, EV 86.9 MPH)
Batting: RHB Jack Parkman 0-0: Ball
1-0: Ball
2-0: Called Strike
2-1: Ground out 4-3 (Groundball, 34, EV 81.2 MPH)
Will Robertson to second
Batting: LHB CJ Abrams 0-0: Ball
1-0: Ground out 5-3 (Groundball, 56, EV 86.9 MPH)
Batting: LHB Joeni Holt 0-0: Swinging Strike
0-1: Ball
1-1: Ball
2-1: Foul Ball, location: 2F
2-2: Ball
3-2: Ground out 4-3 (Groundball, 4S, EV 90.6 MPH)
Top of the 2nd over - 0 runs, 1 hit, 0 errors, 1 left on base; Toronto 0 - Baltimore 1
BOTTOM OF THE 2ND
Baltimore Orioles batting - Pitching for Toronto Blue Jays : LHP Jordan Montgomery
Batting: RHB Andrelton Simmons 0-0: Ball
1-0: Ball
2-0: Ball
3-0: Called Strike
3-1: Ground out 6-3 (Groundball, 6, EV 100.0 MPH)
Batting: RHB Maikol Hernandez 0-0: Called Strike
0-1: Swinging Strike
0-2: Strikes out swinging
Batting: RHB Greg Guzman 0-0: Called Strike
0-1: Ball
1-1: SOLO HOME RUN (Flyball, 7D, EV 93.8 MPH), Distance : 341 ft
Batting: SHB Sam Patterson 0-0: Ball
1-0: Swinging Strike
1-1: Ball
2-1: Fly out, F8 (Line Drive, 78M, EV 91.2 MPH)
Bottom of the 2nd over - 1 run, 1 hit, 0 errors, 0 left on base; Toronto 0 - Baltimore 2
TOP OF THE 3RD
Toronto Blue Jays batting - Pitching for Baltimore Orioles : RHP Henry Baez
Batting: SHB Chris Carey 0-0: Foul Ball, location: 2F
0-1: Ball
1-1: Ball
2-1: Foul Ball, location: 2F
2-2: Foul Ball, location: 2F
2-2: Strikes out swinging
Batting: LHB Danny Escobar 0-0: Called Strike
0-1: Fly out, F9 (Line Drive, 9S, EV 92.5 MPH)
Batting: RHB Manuel Beltre 0-0: Ball
1-0: Ball
2-0: Ground out U3 (Groundball, 34, EV 90.0 MPH)
Top of the 3rd over - 0 runs, 0 hits, 0 errors, 0 left on base; Toronto 0 - Baltimore 2
BOTTOM OF THE 3RD
Baltimore Orioles batting - Pitching for Toronto Blue Jays : LHP Jordan Montgomery
Batting: RHB Joe Cali 0-0: Foul Ball, location: 2F
0-1: Ground out 5-3 (Groundball, 56S, EV 88.1 MPH)
Batting: RHB Will Smith 0-0: Ball
1-0: Fly out, F6 (Line Drive, 6M, EV 75.0 MPH)
Batting: LHB Dave Castanada 0-0: Ball
1-0: Ball
2-0: Swinging Strike
2-1: Foul Ball, location: 2F
2-2: Fly out, F4 (Line Drive, 4D, EV 68.1 MPH)
Bottom of the 3rd over - 0 runs, 0 hits, 0 errors, 0 left on base; Toronto 0 - Baltimore 2
TOP OF THE 4TH
Toronto Blue Jays batting - Pitching for Baltimore Orioles : RHP Henry Baez
Batting: SHB Marcos De La Rosa 0-0: Ball
1-0: Foul Ball, location: 2F
1-1: Swinging Strike
1-2: Ball
2-2: Foul Ball, location: 2F
2-2: Foul Ball, location: 2F
2-2: Ball
3-2: Base on Balls
Batting: LHB Jimmy Palmer 0-0: Fly out, F8 (Flyball, 8RS, EV 92.5 MPH)
Batting: LHB Will Robertson 0-0: Called Strike
0-1: Ball
1-1: Foul Ball, location: 2F
1-2: Strikes out looking
Batting: RHB Jack Parkman 0-0: Ball
Wild Pitch!
Marcos De La Rosa to second
1-0: Called Strike
1-1: Foul Ball, location: 2F
1-2: Foul Ball, location: 2F
1-2: Foul Ball, location: 2F
1-2: Ball
2-2: Foul Ball, location: 2F
2-2: Ball
3-2: Fly out, F3 (Popup, 3SF, EV 73.1 MPH)
Top of the 4th over - 0 runs, 0 hits, 0 errors, 1 left on base; Toronto 0 - Baltimore 2
BOTTOM OF THE 4TH
Baltimore Orioles batting - Pitching for Toronto Blue Jays : LHP Jordan Montgomery
Batting: RHB Ryan Mountcastle 0-0: SINGLE (Line Drive, 4D, EV 95.6 MPH)
Pitching: RHP Jon Llewellyn
Batting: LHB Heston Kjerstad 0-0: Called Strike
0-1: Foul Ball, location: 2F
0-2: Hit by Pitch
Ryan Mountcastle to second
Batting: RHB Andrelton Simmons 0-0: Foul Ball, location: 2F
0-1: Swinging Strike
0-2: Strikes out swinging
Batting: RHB Maikol Hernandez 0-0: Called Strike
0-1: Called Strike
0-2: Strikes out swinging
Batting: RHB Greg Guzman 0-0: Called Strike
0-1: Fly out, F8 (Flyball, 8LM, EV 90.6 MPH)
Bottom of the 4th over - 0 runs, 1 hit, 0 errors, 2 left on base; Toronto 0 - Baltimore 2
TOP OF THE 5TH
Toronto Blue Jays batting - Pitching for Baltimore Orioles : RHP Henry Baez
Pitching: RHP Dylan Baker
Now at 2B: Wilmin Candelario
Now at SS: Joe Cali
Now in LF: Kyle Stowers
Now in RF: Luis Gonzalez
Batting: LHB CJ Abrams 0-0: Ball
1-0: Called Strike
1-1: Ground out U3 (Groundball, 34S, EV 93.8 MPH)
Batting: LHB Joeni Holt 0-0: Called Strike
0-1: Ball
1-1: Ball
2-1: Fly out, F9 (Flyball, 9LS, EV 81.9 MPH)
Batting: SHB Chris Carey 0-0: Called Strike
0-1: Ground out 6-3 (Groundball, 6M, EV 85.0 MPH)
Top of the 5th over - 0 runs, 0 hits, 0 errors, 0 left on base; Toronto 0 - Baltimore 2
BOTTOM OF THE 5TH
Baltimore Orioles batting - Pitching for Toronto Blue Jays : RHP Jon Llewellyn
Pitching: LHP Ryan Weathers
Now at C: Luis Campusano
Now at 2B: Santiago Espinal
Now in RF: Brandon Marsh
Batting: SHB Sam Patterson 0-0: Swinging Strike
0-1: Ball
1-1: Ball
2-1: Ball
3-1: Base on Balls
Batting: RHB Joe Cali 0-0: Called Strike
0-1: Ball
1-1: Called Strike
Sam Patterson steals 2nd base
1-2: Ball
2-2: Strikes out swinging
Batting: RHB Will Smith 0-0: Ball
1-0: Foul Ball, location: 2F
1-1: DOUBLE (Line Drive, 9LM, EV 100.6 MPH)
Sam Patterson scores
Batting: LHB Kyle Stowers 0-0: Ball
1-0: Ball
2-0: Called Strike
2-1: Ball
3-1: Base on Balls
Pinch Hitting: LHB Triston Casas 0-0: Ball
Pickoff Throw to Second - Out!
1-0: Foul Ball, location: 2F
1-1: Foul Ball, location: 2F
1-2: Ball
2-2: Foul Ball, location: 2F
2-2: Foul Ball, location: 2F
2-2: Strikes out swinging
Bottom of the 5th over - 1 run, 1 hit, 0 errors, 1 left on base; Toronto 0 - Baltimore 3
TOP OF THE 6TH
Toronto Blue Jays batting - Pitching for Baltimore Orioles : RHP Dylan Baker
Pitching: RHP R.J. Thorp
Now at 1B: Triston Casas
Batting: LHB Danny Escobar 0-0: Ball
1-0: Ball
2-0: Called Strike
2-1: Called Strike
2-2: Strikes out swinging
Batting: RHB Luis Campusano 0-0: Foul Ball, location: 2F
0-1: Ball
1-1: Called Strike
1-2: Ball
2-2: SINGLE (Line Drive, 4D, EV 97.5 MPH)
Pinch Hitting: SHB Adalberto Mondesi 0-0: Ball
1-0: Foul Ball, location: 2F
1-1: SINGLE (Groundball, 34D, EV 103.1 MPH)
Luis Campusano to second
Throwing error, E9
Luis Campusano scores
Adalberto Mondesi to second
Batting: LHB Brandon Marsh 0-0: Ground out 5-3 (Groundball, 56D, EV 83.1 MPH)
Pinch Hitting: LHB Rowdy Tellez 0-0: Ball
1-0: Ball
2-0: Called Strike
2-1: Foul Ball, location: 2F
2-2: SINGLE (Groundball, 34D, EV 104.4 MPH)
Adalberto Mondesi to third
Runner from 3rd tries for Home, SAFE, throw by RF to home
Rowdy Tellez to second
Batting: RHB Santiago Espinal 0-0: Ball
1-0: SINGLE (Line Drive, 7S, EV 96.2 MPH)
Rowdy Tellez to third
Runner from 3rd tries for Home, SAFE, throw by LF to home
Pitching: LHP Danny Morales
Batting: RHB Bo Bichette 0-0: Called Strike
0-1: Ball
1-1: Foul Ball, location: 2F
1-2: Ball
2-2: Foul Ball, location: 2F
2-2: Foul Ball, location: 2F
2-2: Ground out 6-3 (Groundball, 56, EV 98.1 MPH)
Top of the 6th over - 3 runs, 4 hits, 1 error, 1 left on base; Toronto 3 - Baltimore 3
BOTTOM OF THE 6TH
Baltimore Orioles batting - Pitching for Toronto Blue Jays : LHP Ryan Weathers
Pitching: RHP Joe DeMers
Now at 1B: Rowdy Tellez
Now at SS: Adalberto Mondesi
Now in LF: Lourdes Gurriel Jr.
Batting: LHB Luis Gonzalez 0-0: Fly out, F8 (Line Drive, 8RM, EV 103.1 MPH)
Batting: SHB Wilmin Candelario 0-0: Ground out 5-3 (Groundball, 56, EV 90.6 MPH)
Batting: SHB Carlos Arcia 0-0: Ball
1-0: Called Strike
1-1: Ball
2-1: Called Strike
2-2: Strikes out looking
Bottom of the 6th over - 0 runs, 0 hits, 0 errors, 0 left on base; Toronto 3 - Baltimore 3
TOP OF THE 7TH
Toronto Blue Jays batting - Pitching for Baltimore Orioles : LHP Danny Morales
Batting: LHB Joeni Holt 0-0: Called Strike
0-1: Ball
1-1: Ball
2-1: Foul Ball, location: 2F
2-2: Strikes out swinging
Batting: SHB Chris Carey 0-0: Ball
1-0: Foul Ball, location: 2F
1-1: Fly out, F9 (Flyball, 89S, EV 83.8 MPH)
Batting: RHB Lourdes Gurriel Jr. 0-0: Called Strike
0-1: Ball
1-1: Swinging Strike
1-2: Ball
2-2: Strikes out swinging
Top of the 7th over - 0 runs, 0 hits, 0 errors, 0 left on base; Toronto 3 - Baltimore 3
BOTTOM OF THE 7TH
Baltimore Orioles batting - Pitching for Toronto Blue Jays : RHP Joe DeMers
Pitching: RHP Dou-guan Zong
Pinch Hitting: LHB Terrin Vavra 0-0: Swinging Strike
0-1: Ball
1-1: Foul Ball, location: 2F
1-2: Ball
2-2: Ball
3-2: SINGLE (Groundball, 6MD, EV 95.0 MPH)
Pitching: RHP Mike Pendergrass
Pinch Hitting: LHB Luis Medina 0-0: Ball
1-0: Foul Ball, location: 2F
1-1: Ball
2-1: Ball
3-1: Base on Balls
Terrin Vavra to second
Batting: RHB Joe Cali 0-0: Called Strike
0-1: Called Strike
0-2: Ball
1-2: Strikes out swinging
Batting: RHB Will Smith 0-0: Called Strike
0-1: Called Strike
0-2: Foul Ball, location: 2F
0-2: Ball
1-2: Ball
2-2: Fly out, F9 (Flyball, 9LD, EV 101.9 MPH)
Runner from 2nd tags up, SAFE at 3rd, no throw by RF
Pitching: RHP Josh St. John
Batting: LHB Kyle Stowers 0-0: Ball
1-0: Ball
2-0: Ball
3-0: Base on Balls
Luis Medina to second
Batting: LHB Triston Casas 0-0: Ball
1-0: Ball
2-0: Called Strike
2-1: Foul Ball, location: 2F
2-2: Strikes out looking
Bottom of the 7th over - 0 runs, 1 hit, 0 errors, 3 left on base; Toronto 3 - Baltimore 3
TOP OF THE 8TH
Toronto Blue Jays batting - Pitching for Baltimore Orioles : LHP Danny Morales
Pitching: RHP Jordan Balazovic
Now at 3B: Terrin Vavra
Now in CF: Luis Medina
Batting: RHB Luis Campusano 0-0: Ball
1-0: Called Strike
1-1: Ball
2-1: Called Strike
2-2: Ground out 4-3 (Groundball, 4, EV 86.9 MPH)
Batting: SHB Adalberto Mondesi 0-0: DOUBLE (Flyball, 8LD, EV 91.2 MPH)
Batting: LHB Brandon Marsh 0-0: Called Strike
0-1: Foul Ball, location: 2F
0-2: Foul Ball, location: 2F
0-2: Strikes out swinging, 2-3 out at first.
Batting: LHB Rowdy Tellez 0-0: Ball
1-0: Foul Ball, location: 2F
1-1: Called Strike
1-2: Foul Ball, location: 2F
1-2: Ball
2-2: Ball
3-2: Foul Ball, location: 2F
3-2: Strikes out swinging
Top of the 8th over - 0 runs, 1 hit, 0 errors, 1 left on base; Toronto 3 - Baltimore 3
BOTTOM OF THE 8TH
Baltimore Orioles batting - Pitching for Toronto Blue Jays : RHP Josh St. John
Batting: LHB Luis Gonzalez 0-0: Foul Ball, location: 2F
0-1: Ball
1-1: Swinging Strike
1-2: Strikes out looking
Batting: SHB Wilmin Candelario 0-0: Ball
1-0: Ball
2-0: SINGLE (Groundball, 4M, EV 103.8 MPH) (infield hit)
Batting: SHB Carlos Arcia 0-0: Called Strike
0-1: Ball
1-1: Grounds into double play, 4-6-3 (Groundball, 4, EV 84.4 MPH)
Bottom of the 8th over - 0 runs, 1 hit, 0 errors, 0 left on base; Toronto 3 - Baltimore 3
TOP OF THE 9TH
Toronto Blue Jays batting - Pitching for Baltimore Orioles : RHP Jordan Balazovic
Pitching: RHP Kevin Santillan
Batting: RHB Santiago Espinal 0-0: Swinging Strike
0-1: Foul Ball, location: 2F
0-2: Foul Ball, location: 2F
0-2: SINGLE (Groundball, P, EV 87.5 MPH) (infield hit)
Batting: RHB Bo Bichette 0-0: Ball
1-0: Foul Ball, location: 2F
1-1: Ball
2-1: Foul Ball, location: 2F
2-2: Ball
3-2: Foul Ball, location: 2F
3-2: Base on Balls
Santiago Espinal to second
Batting: LHB Joeni Holt 0-0: Ball
1-0: Reached on error, E2 (Groundball, 2L, EV 43.8 MPH)
Santiago Espinal scores
Bo Bichette to third
Batting: SHB Chris Carey 0-0: Ball
1-0: Fly out, F7 (Flyball, 7D, EV 90.0 MPH)
Runner from 3rd tags up, SCORES, no throw by LF
Batting: RHB Lourdes Gurriel Jr. 0-0: Ball
1-0: Ground out 1-3 (Groundball, 15S, EV 65.0 MPH)
Pinch Hitting: RHB Danny Jansen 0-0: Swinging Strike
0-1: Foul Ball, location: 2F
0-2: SINGLE (Flyball, 7S, EV 90.0 MPH)
Joeni Holt to third
Runner from 3rd tries for Home, SAFE, throw by LF to home
Pitching: LHP Mike Rogers
Batting: SHB Adalberto Mondesi 0-0: Swinging Strike
0-1: Called Strike
0-2: Foul Ball, location: 2F
0-2: Strikes out swinging
Top of the 9th over - 3 runs, 2 hits, 1 error, 1 left on base; Toronto 6 - Baltimore 3
BOTTOM OF THE 9TH
Baltimore Orioles batting - Pitching for Toronto Blue Jays : RHP Josh St. John
Pitching: LHP Gilberto Henriquez
Now at C: Danny Jansen
Batting: LHB Terrin Vavra 0-0: Called Strike
0-1: Ball
1-1: Ball
2-1: Ball
3-1: Called Strike
3-2: Base on Balls
Pinch Hitting: RHB Roberto Campos 0-0: Ball
1-0: Ball
2-0: Foul Ball, location: 2F
2-1: Ball
3-1: Grounds into double play, 6-4-3 (Groundball, 6, EV 101.2 MPH)
Batting: RHB Joe Cali 0-0: Ball
1-0: Ball
2-0: Foul Ball, location: 2F
2-1: Called Strike
2-2: Fly out, F5 (Popup, 56S, EV 70.0 MPH)
Bottom of the 9th over - 0 runs, 0 hits, 0 errors, 0 left on base; Toronto 6 - Baltimore 3
Tuesday, January 24th , 2023 - OOTP Baseball 23.10 Build 110